 Dungeon Crawl Stone Soup version 0.28-a0-779-g3d1f99b579 (webtiles) character file.

Game seed: 16495804483277380478

49 gimp the Slasher (level 3, -5/29 HPs)
             Began as a Demonspawn Cinder Acolyte on Nov 3, 2021.
             Was a High Priest of Ignis.
             Succumbed to Sigmund's poison
             ... on level 2 of the Dungeon.
             The game lasted 00:03:41 (2236 turns).

gimp the Slasher (Demonspawn Cinder Acolyte)        Turns: 2236, Time: 00:03:41

Health: -5/29      AC:  5    Str: 14    XL:     3   Next: 53%
Magic:  4/4        EV: 10    Int: 15    God:    Ignis [*****.]
Gold:   25         SH:  0    Dex:  9    Spells: 2/4 levels left

rFire   + . .      SeeInvis .   a - -1 falchion (flame)
rCold   . . .      Faith    .   (no shield)
rNeg    + . .      Spirit   .   f - +0 ring mail
rPois   .          Reflect  .   (no helmet)
rElec   .          Harm     .   (no cloak)
rCorr   .          Rampage  .   (no gloves)
Will    .....                   (no boots)
Stlth   ..........              (no amulet)
HPRegen 0.09/turn               c - ring of positive energy
MPRegen 0.09/turn               (no ring)

@: lethally poisoned (-5 -> -30)
A: demonic touch 1
a: Renounce Religion, Sea of Fire, Foxfire Swarm, Rising Flame


You were on level 2 of the Dungeon.
You worshipped Ignis.
Ignis was extremely pleased with you.
You visited 1 branch of the dungeon, and saw 2 of its levels.

You collected 25 gold pieces.

Inventory:

Hand Weapons
 a - a -1 falchion of flaming (weapon)
Armour
 b - a +0 robe
 f - a +0 ring mail (worn)
Jewellery
 c - a ring of positive energy (left hand)
 j - a ring of ice
Scrolls
 d - 2 scrolls of blinking {unknown}
 e - 2 scrolls of acquirement {unknown}
 g - a scroll of identify {unknown}
 h - 2 scrolls of enchant weapon {unknown}
Potions
 i - a potion of heal wounds {unknown}


   Skills:
 + Level 3.5 Fighting
 * Level 3.8 Long Blades
 - Level 1.0 Spellcasting
 - Level 2.6 Fire Magic


You had 2 spell levels left.
You knew the following spells:

 Your Spells              Type           Power      Damage    Failure   Level
a - Scorch                Fire           16%        2d6       26%         2

Your spell library contained the following spells:

 Spells                   Type           Power      Damage    Failure   Level


Dungeon Overview and Level Annotations

Branches:
Dungeon (2/15)

Altars:

Annotations:
D:2 Sigmund


Innate Abilities, Weirdness & Mutations

Your touch may inflict minor irresistible damage on your foes.


Message History

No target in view!
A worm comes into view.
A worm is nearby!
A ball python comes into view.
The ball python hisses angrily.
Sigmund the Dreaded comes into view.
He is wielding a +1 scythe of venom.
You slash the worm! You burn the worm.
The worm is heavily wounded.
The ball python misses you. The ball python grabs you.
The ball python constricts you.
You barely miss the ball python. Your touch misses the ball python.
The ball python bites you but does no damage.
The ball python constricts you.
Sigmund drinks a potion.
Sigmund seems to speed up.
The worm bites you but does no damage. The ball python barely misses you.
The ball python constricts you.
You barely miss the ball python.
Sigmund mumbles some strange words.
Sigmund flickers and vanishes!
Deactivating autopickup; reactivate with Ctrl-A.
The ball python bites you. The ball python constricts you. The worm bites you.
You take 5 damage, and have 24/29 hp.
You escape the ball python's grasp.
The ball python bites you but does no damage.
The ball python barely misses you. Something hits you!
You are lethally poisoned!
You take 11 damage, and have 13/29 hp.
MASSIVE DAMAGE!!
You feel very sick.
You take 4 damage, and have 9/29 hp.
* * * LOW HITPOINT WARNING * * *
You feel very sick. Something hits you.
* * * LOW HITPOINT WARNING * * *
You are more poisoned.
The ball python bites you.
* * * LOW HITPOINT WARNING * * *
The ball python grabs you. The ball python constricts you.
* * * LOW HITPOINT WARNING * * *
You escape the ball python's grasp.
You die...

#...
...#####################...
.......>...................
...####.################.[.
#.##...####### ####.#
#...)......... ......
####.#.#.#### ##...#
##.#.#.#### ###.###
#.@................
#............##.###
#####.S†........ #....
#.....{......... #####
#.###........... #..
#.w†........ #.#
#........... #.#
#.###.......... #.#
#..........##### #..


You could see a worm and a ball python.

Vanquished Creatures
  A worm (D:2)
  3 dart slugs (D:1)
  4 ball pythons
  3 endoplasms
  A giant cockroach (D:1)
  5 goblins
  3 hobgoblins (D:1)
  6 kobolds
  2 quokkas (D:1)
  5 bats
  3 frilled lizards
  2 rats
38 creatures vanquished.

Notes
Turn   | Place    | Note
-------+----------+-------------------------------------------
     0 | D:1      | gimp the Demonspawn Cinder Acolyte began the quest for the
                  | Orb.
     0 | D:1      | Reached XP level 1. HP: 18/18 MP: 2/2
   294 | D:1      | Gained mutation: Your touch may inflict minor irresistible
                  | damage on your foes. [demonic ancestry]
   294 | D:1      | Reached XP level 2. HP: 23/24 MP: 3/3
   469 | D:1      | Found a faded altar of an unknown god.
   999 | D:1      | Reached XP level 3. HP: 19/29 MP: 4/4
  1004 | D:1      | Learned a level 2 spell: Scorch
  2224 | D:2      | Noticed Sigmund
  2235 | D:2      | HP: 1/29 [constriction (1)]
  2236 | D:2      | Succumbed to Sigmund's poison

Illustrated notes

Levels and vault maps discovered:
D:1:      minmay_arrival_glassed_features, layout_basic, basic_ecumenical_altar
D:2:      layout_basic, uniq_sigmund

Skill      XL: |  1 |
---------------+----+-----
Long Blades    | 3 |  3.8
Fighting       | |  3.5
Spellcasting   | |  1.0
Fire Magic     | |  2.6

Action                   || total
-------------------------++-------
Melee: Falchion          ||   102
       Touch             ||    13
Armor: Robe              ||     5
       Ring mail         ||    30
Dodge: Dodged            ||    79

Table legend: (Time is in decaauts)
 A = Elapsed time spent in this place.
 B = Non-inter-level travel time spent in this place.
 C = Inter-level travel time spent in this place.
 D = Time resting spent in this place.
 E = Time spent auto-exploring this place.
 F = Levels seen in this place.
 G = Mean time per level.
                   A        B        C        D        E       F      G
               +--------+--------+--------+--------+--------+-----+--------+
         Total |   2249 |   2232 |     17 |      3 |   1923 |   2 | 1124.5 |
       Dungeon |   2249 |   2232 |     17 |      3 |   1923 |   2 | 1124.5 |
               +--------+--------+--------+--------+--------+-----+--------+

Top non-repeatable levels by time:
     D:1: 1537 daAuts
     D:2: 711 daAuts
